cohdb
Replays
Latest Replays
All Replays
Popular Replays
Top Player Replays
Match Explorer
How It Works
Community
CoH3 Stats
Reddit
Sign in to upload your games and track your stats! →
Sign in with Steam
Match 42635473
Unlisted
Match 42635473
Overview
Messages
Build Orders
End
Construct Section Command Post
Selects Heavy Armor Battlegroup
Dingo Light Scout Car
Infantry Section
Vickers Machine Gun Team
Infantry Section
Construct Platoon Command Post
Selects Light Vehicle Withdraw and Refit
Selects Rigorous Vehicle Training
CMP 15cwt Truck
victor_hartman
just a LLAMA
AltekHyper(FR)
Jd577
Chilli Maker9919
火蔷薇十字弓队
Narco
ileikpuss
0
0
Comments
sign in to comment!
No comments posted yet!